 Dungeon Crawl Stone Soup version bcrawl-1.19.1 (webtiles) character file.

Game seed: 11241616524304398937

633 JackS81 the Ruffian (level 7, -1/94 HPs)
             Began as a Troll Transmuter on Nov 24, 2019.
             Slain by a hippogriff (7 damage)
             ... on level 4 of the Dungeon.
             The game lasted 00:13:22 (3096 turns).

JackS81 the Ruffian (Troll Transmuter)              Turns: 3096, Time: 00:13:23

Health: -1/94      AC: 23    Str: 19    XL:     7   Next: 24%
Magic:  8/8        EV:  1    Int: 10    God:
Gold:   267        SH:  0    Dex:  9    Spells: 6/9 levels left

rFire    . . .     SeeInvis .     - Unarmed
rCold    . . .     Gourm    +   (no shield)
rNeg     + + +     Faith    .   (armour unavailable)
rPois    +         Spirit   .   (helmet currently unavailable)
rElec    .         Reflect  .   (cloak currently unavailable)
rCorr    .         Harm     .   (gloves unavailable)
MR       .....     NoTele   +   (boots unavailable)
Stlth    +.........             (no amulet)
HPRegen  0.65/turn              m - -3 ring of dexterity (curse)
MPRegen  0.11/turn              (no ring)

@: tree-form
A: large, almost no armour, unfitting armour, fast metabolism 3, gourmand,
regeneration 1, AC +7
a: no special abilities


You were on level 4 of the Dungeon.
You were very full.
You were a tree.
You visited 1 branch of the dungeon, and saw 4 of its levels.

You collected 267 gold pieces.

Inventory:

Hand Weapons
 o - a +1 blowgun
Missiles
 a - 861 arrows
 b - 1036 stones (quivered)
 f - a throwing net {!f}
 p - 125 poisoned needles
Jewellery
 m - a cursed -3 ring of dexterity (left branch)
Scrolls
 e - 4 scrolls of identify
 g - 2 scrolls of teleportation
 h - a scroll of immolation
Potions
 i - a potion of flight {unknown}
 j - a potion of heal wounds {unknown}
 k - 4 potions of curing
 l - a potion of haste {unknown}
Comestibles
 d - 9 rations {!d}


   Skills:
 + Level 1.6 Fighting
 - Level 1.5 Dodging
 + Level 7.4 Unarmed Combat
 - Level 1.5 Spellcasting
 * Level 2.6 Transmutations


You had 6 spell levels left.
You knew the following spells:

 Your Spells              Type           Power        Failure   Level  Hunger
a - Beastly Appendage     Tmut           #.....       11%         1    ##.....
b - Sticks to Snakes      Tmut           #.......     17%         2    ###....

Your spell library contained the following spells:

 Spells                   Type           Power        Failure   Level  Hunger
 Spider Form              Tmut/Pois      #..          50%         3    ####...
 Ice Form                 Ice/Tmut       #.......     88%         4    #####..
 Blade Hands              Tmut           #.........   97%         5    ######.


Dungeon Overview and Level Annotations

Branches:
Dungeon (4/12)
 Temple: D:4-7

Altars:
Uskayaw


Innate Abilities, Weirdness & Mutations

You cannot wear most types of armour.
((Your thick skin is tough. (AC +7)))
You are too large for most types of armour.
((You have claws for hands.))
Your metabolism is lightning-fast.
You like to eat raw meat.
Your natural rate of healing is unusually fast.


Message History

The hippogriff bites you.
* * * LOW HITPOINT WARNING * * *
The hippogriff barely misses you. The hippogriff claws you.
* * * LOW HITPOINT WARNING * * *
You completely miss the hippogriff.
The hippogriff is severely wounded.
The hippogriff bites you!
* * * LOW HITPOINT WARNING * * *
The hippogriff pecks you.
* * * LOW HITPOINT WARNING * * *
The hippogriff claws you but does no damage.
Really quaff the potion of lignification?
You turn into a tree.
Your roots penetrate the ground.
The hippogriff bites you but does no damage.
The hippogriff pecks you but does no damage.
The hippogriff completely misses you.
You hit the hippogriff.
The hippogriff is almost dead.
The hippogriff bites you!
You die...

#######.........##
#.#######.# #.#
#.# #.# #.# #.# ..
#.# .# #.# .#
#?#.#######.#
#........H♣.#
#.#.###.#####
#.#.# #.# # ...
..# ...##### #..##
..# .).


You could see a hippogriff.

Vanquished Creatures
  2 sky beasts (D:4)
  A phantom (D:4)
  A hound (D:4)
  A bullfrog skeleton (D:4)
  5 worker ants
  A howler monkey skeleton (D:4)
  6 adders
  2 worms
  3 dart slugs
  A leopard gecko (D:1)
  12 orcs
  6 giant cockroaches
  4 goblins
  10 hobgoblins
  17 jackals
  12 kobolds
  2 quokkas (D:2)
  A ball python (D:3)
  7 bats
  8 frilled lizards
  2 leopard gecko skeletons
  7 rats
111 creatures vanquished.

Notes
Turn   | Place    | Note
-------+----------+-------------------------------------------
     0 | D:1      | JackS81 the Troll Transmuter began the quest for the Orb.
     0 | D:1      | Reached XP level 1. HP: 18/18 MP: 2/2
   274 | D:1      | Reached XP level 2. HP: 23/26 MP: 3/3
   501 | D:1      | Reached skill level 4 in Unarmed Combat
   534 | D:1      | Reached XP level 3. HP: 32/32 MP: 4/4
  1352 | D:2      | Gained mutation: Your natural rate of healing is unusually
                  | fast. [Troll growth]
  1352 | D:2      | Reached XP level 4. HP: 39/40 MP: 5/5
  1700 | D:2      | Learned a level 2 spell: Sticks to Snakes
  1724 | D:3      | Reached skill level 5 in Unarmed Combat
  1789 | D:3      | Reached XP level 5. HP: 40/46 MP: 6/6
  2013 | D:3      | Found a hide-covered altar of Uskayaw.
  2554 | D:4      | Reached skill level 6 in Unarmed Combat
  2599 | D:4      | Noticed a sky beast
  2639 | D:4      | Killed a sky beast
  2639 | D:4      | Reached skill level 1 in Fighting
  2639 | D:4      | Reached XP level 6. HP: 20/55 MP: 7/7
  2910 | D:4      | Noticed a sky beast
  2914 | D:4      | Killed a sky beast
  2914 | D:4      | Reached skill level 7 in Unarmed Combat
  2914 | D:4      | Reached XP level 7. HP: 62/62 MP: 8/8
  3077 | D:4      | Noticed a hippogriff
  3094 | D:4      | HP: 3/63 [hippogriff (1)]
  3096 | D:4      | Slain by a hippogriff

Skill      XL: |  1  2  3  4  5  6 |
---------------+-------------------+-----
Unarmed Combat | 4 5 6 7 |  7.4
Transmutations | 2 |  2.6
Fighting       | 1 |  1.6
Dodging        | |  1.5
Spellcasting   | |  1.5

Action                   |  1- 3 |  4- 6 |  7- 9 || total
-------------------------+-------+-------+-------++-------
Melee: Unarmed           |   144 |   164 |    34 ||   342
       Punch             |     2 |     3 |     2 ||     7
 Fire: Blowgun           |       |     4 |       ||     4
Throw: Stone             |     5 |     4 |       ||     9
 Cast: Beastly Appendage |     1 |       |       ||     1
  Use: Scroll            |       |     6 |       ||     6
       Potion            |       |       |     1 ||     1
 Stab: Sleeping          |     1 |       |       ||     1
  Eat: Chunk             |    14 |     8 |     1 ||    23
Armor: Skin              |    61 |    67 |    12 ||   140
Dodge: Dodged            |    97 |    74 |    13 ||   184
